 Dungeon Sprint DCSS version 0.19.0-11-g3fc08b3 (webtiles) character file.

56 equalderp2856 the Gouger (level 3, -1/18 HPs)
             Began as a Felid Fighter on Nov 9, 2016.
             Slain by a fire bat (2 damage)
             ... in the Dungeon (Sprint VII: "The Pits").
             The game lasted 00:00:46 (90 turns).

equalderp2856 the Gouger (Felid Fighter)              Turns: 90, Time: 00:00:46

Health: -1/18      AC:  1    Str: 13    XL:     3   Next: 71%
Magic:  4/4        EV: 22    Int:  9    God:
Gold:   0          SH:  0    Dex: 15    Spells: 0 memorised, 2 levels left
                                        Lives:  0   Deaths: 1

rFire  . . .     SeeInvis +       - Unarmed
rCold  . . .     Gourm    .     (armour unavailable)
rNeg   . . .     Faith    .     (shield unavailable)
rPois  .         Spirit   .     (helmet unavailable)
rElec  .         Reflect  .     (cloak unavailable)
rCorr  .         Harm     .     (gloves unavailable)
MR     .....     NoTele   +     (boots unavailable)
Stlth  +++.......               (no amulet)
                                (no ring)
                                (no ring)

@: quick
A: no armour, no weapons or thrown items, stealth, claws 1, fangs 3, see
invisible, carnivore 3, speed 1, shaggy fur 1, slow metabolism 1, sharp paws
a: no special abilities


You were in the Dungeon.
You were not hungry.

You visited 1 branch

Inventory:

Scrolls
 h - a scroll of blinking
Potions
 a - a potion of might
 c - a potion of curing
 e - a potion of haste
 f - 2 potions of magic
 g - a potion of berserk rage
Comestibles
 b - a meat ration


   Skills:
 + Level 4.7 Fighting
 + Level 6.8 Dodging
 + Level 3.5 Stealth
 + Level 8.1 Unarmed Combat


You had 2 spell levels left.
You didn't know any spells.

Dungeon Overview and Level Annotations

Branches:
Dungeon (1/1)

Altars:


Innate Abilities, Weirdness & Mutations

You cannot wear armour.
You are incapable of wielding weapons or throwing items.
Your paws allow you to move quietly. (Stealth)
You have sharp claws.
You have razor-sharp teeth.
You have supernaturally acute eyesight. (SInv)
You are carnivorous and can eat meat at any time.
You cover ground quickly.
You are covered in fur. (AC +1)
You have a slow metabolism.
Your sharp claws are effective at attacking unaware monsters.


Message History

You scratch the fire bat.
The fire bat is lightly wounded.
The fire bat closely misses you. The fire bat bites you.
You are engulfed in flames.
* * * LOW HITPOINT WARNING * * *
You scratch the fire bat.
You bite the fire bat, but do no damage.
The fire bat is moderately wounded.
The fire bat completely misses you.
You miss the fire bat. You claw the fire bat.
The fire bat is moderately wounded.
The fire bat bites you but does no damage.
The fire bat completely misses you.
There is an open door here.
You claw the fire bat!
The fire bat is severely wounded.
The fire bat closely misses you. The fire bat closely misses you.
The fire bat bites you.
You die...

#.##........
+.##......#.
##########.##........
#...........'........
#'#####'#####......#.
#.#)..#.# #........
#.#...#†# ####'####
#.#b†.'.# #.......#
#.##@#### #.......#
#.#.†...# #.......#
#.#.....# #...<...#
#.#....... #.......#
#.#........##.......#
#+###########.......#
#########


You could see a fire bat.

Vanquished Creatures
  A floating eye (D)
  A gnoll (D)
  An ooze (D)
  A bat (D)
  2 jackals (D)
  A kobold (D)
  2 rats (D)
9 creatures vanquished.

Notes
Turn   | Place    | Note
-------+----------+-------------------------------------------
     0 | D        | equalderp2856 the Felid Fighter began the quest for the Orb.
     0 | D        | Reached XP level 1. HP: 10/10 MP: 2/2
    29 | D        | Reached skill level 5 in Unarmed Combat
    31 | D        | Reached XP level 2. HP: 14/14 MP: 3/3
    52 | D        | Noticed a floating eye
    53 | D        | Noticed a fire bat
    56 | D        | Killed a floating eye
    56 | D        | Reached skill level 7 in Unarmed Combat
    56 | D        | Reached XP level 3. HP: 12/18 MP: 4/4
    56 | D        | Reached XP level 4. HP: 15/22 MP: 5/5
    60 | D        | Reached skill level 8 in Unarmed Combat
    63 | D        | Slain by a fire bat
    64 | D        | Reached XP level 3. HP: -4/18 MP: 4/4
    90 | D        | Slain by a fire bat

Skill      XL: |  1  2  3  4 |
---------------+-------------+-----
Unarmed Combat | 5 7 8 |  8.1
Fighting       | 4 |  4.7
Dodging        | 6 |  6.8
Stealth        | 3 |  3.5

Action                   |  1- 3 |  4- 6 || total
-------------------------+-------+-------++-------
Melee: Unarmed           |    18 |     4 ||    22
       Bite              |     3 |     1 ||     4
       Punch             |     1 |       ||     1
  Use: Potion            |       |     1 ||     1
 Stab: Sleeping          |     3 |       ||     3
  Eat: Chunk             |     1 |       ||     1
Armor: Skin              |     1 |       ||     1
Dodge: Dodged            |    18 |     7 ||    25
